 Dungeon Crawl Stone Soup version 0.30-a0-219-gf2db51d15e (webtiles) character file.

Game seed: 6801202643254609513

724 Conn the Firebug (level 7, -1/40 (42) HPs)
             Began as an Octopode Fire Elementalist on Oct 6, 2022.
             Slain by an orc wizard
             ... wielding a +0 dagger
              (2 damage)
             ... on level 5 of the Dungeon.
             The game lasted 00:12:52 (5280 turns).

Conn the Firebug (Octopode Fire Elementalist)       Turns: 5280, Time: 00:12:53

HP:   -1/40 (42)    AC:  5    Str:  7    XL:     7   Next: 71%
MP:   0/13          EV: 13    Int: 19    God:
Gold: 196           SH:  5    Dex: 13    Spells: 8/14 levels left

rFire   + . .      SeeInvis .    b - staff of poison
rCold   + . .      Faith    .    (no shield)
rNeg    . . .      Spirit   .    (helmet restricted)
rPois   +          Reflect  +    d - amulet of reflection
rElec   +          Harm     .    x - +4 ring of protection
rCorr   +          Rampage  .    (no ring)
Will    .....                    (no ring)
Stlth   ++++......               (no ring)
HPRegen 0.26/turn                (no ring)
MPRegen 0.13/turn                (no ring)
                                 (no ring)
                                 (no ring)

@: resistant, hasted, lightly drained, very quick
A: almost no armour, amphibious, 8 rings, camouflage 1, gelatinous body 1,
(nimble swimmer 1), tentacles
a: no special abilities


You were on level 5 of the Dungeon.
You visited 1 branch of the dungeon, and saw 5 of its levels.
You also visited: Sewer.

You collected 196 gold pieces.

Inventory:

Hand Weapons
 u - a +1 short sword of flaming
Magical Staves
 b - a staff of poison (weapon)
Jewellery
 d - an amulet of reflection (around mantle)
 x - a +4 ring of protection (left tentacle)
Wands
 l - a wand of acid (2)
Scrolls
 c - 2 scrolls of amnesia {unknown}
 g - 2 scrolls of fog {unknown}
 h - 2 scrolls of teleportation {unknown}
 j - 2 scrolls of blinking {unknown}
 m - 3 scrolls of identify {unknown}
 o - a scroll of vulnerability {unknown}
 v - a scroll of noise {unknown}
 y - a scroll of immolation {unknown}
 A - a scroll of poison {unknown}
 B - a scroll of fear {unknown}
Potions
 a - 2 potions of magic
 e - a potion of heal wounds {unknown}
 f - a potion of haste
 i - 2 potions of cancellation {unknown}
 k - a potion of might {unknown}
 n - a potion of flight {unknown}
 p - a potion of degeneration {unknown}
 r - a potion of mutation {unknown}
 s - a potion of brilliance {unknown}
 t - a potion of experience {unknown}
 w - a potion of attraction {unknown}
 z - a potion of lignification {unknown}


   Skills:
 + Level 0.8 Fighting
 + Level 1.3 Staves
 + Level 3.0 Dodging
 + Level 4.4 Stealth
 + Level 1.2 Shields
 + Level 4.3 Spellcasting
 + Level 3.6 Conjurations
 + Level 4.9 Fire Magic
 + Level 0.5 Evocations


You had 8 spell levels left.
You knew the following spells:

 Your Spells              Type           Power      Damage    Failure   Level
a - Foxfire               Conj/Fire      80%        2x1d8     2%          1
c - Inner Flame           Hex/Fire       13%        N/A       14%         3
e - Scorch                Fire           44%        2d7       2%          2

Your spell library contained the following spells:

 Spells                   Type           Power      Damage    Failure   Level
 Sandblast                Erth           8%         2d5       13%         1
 Stone Arrow              Conj/Erth      22%        3d8       19%         3
 Passwall                 Tmut/Erth      3%         N/A       21%         2
 Kindle Blastsparks       Fire/Tloc/Air  20%        2d11      21%         3
 Flame Wave               Conj/Fire      20%        2d7       22%         4
 Gell's Gravitas          Tloc           4%         N/A       36%         3
 Lesser Beckoning         Tloc           8%         N/A       36%         3
 Teleport Other           Tloc           4%         N/A       36%         3
 Dispersal                Tloc           2%         N/A       100%        6


Dungeon Overview and Level Annotations

Branches:
Dungeon (5/15)             Temple (0/1) D:5           Sewer (visited)

Altars:
Gozag
Hepliaklqana
Nemelex Xobeh
Zin

Annotations:
D:2 1 runed translucent door, Crazy Yiuf


Innate Abilities, Weirdness & Mutations

You cannot wear most types of armour.
You are amphibious.
You can wear up to eight rings at the same time.
Your skin changes colour to match your surroundings (Stealth+).
Your rubbery body absorbs attacks. (AC +1, EV +1)
((You are camouflaged when in or above water. (Stealth+)))
You have tentacles for arms and can constrict up to eight enemies at once.


Message History

You constrict the necrophage.
The foxfire hits the necrophage.
The necrophage is moderately damaged.
The foxfire hits the necrophage.
The necrophage is moderately damaged.
You hear some strange, mumbled words.
A puff of flame appears from out of thin air!
The puff of flame hits you!
* * * LOW HITPOINT WARNING * * *
The necrophage misses you.
You barely miss the necrophage. You squeeze the necrophage.
The necrophage is heavily damaged.
You constrict the necrophage. The necrophage hits you.
* * * LOW HITPOINT WARNING * * *
You feel drained.
* * * LOW HITPOINT WARNING * * *
You block something's attack.
You hear some strange, mumbled words.
Something tries to affect you, but you resist.
The necrophage hits you.
* * * LOW HITPOINT WARNING * * *
You feel drained.
* * * LOW HITPOINT WARNING * * *
Okay, then.
Unknown command.
Unknown command.
Unknown command.
Unknown command.
Unknown command.
Unknown command.
Unknown command.
Okay, then.
It was a potion of resistance.
You feel protected.
You constrict the necrophage. Something hits you.
* * * LOW HITPOINT WARNING * * *
The necrophage misses you.
It was a potion of haste.
You feel yourself speed up.
You constrict the necrophage. The necrophage barely misses you.
Something hits you.
You die...

#.........#
#.........# ######
#.........####....#
#.................#
#.................####
#............#........
#............#........
##.............{......
##...†.)....#@n.>....
###.........))##....
#.<......#..# ..
#[...>.........
#########.#.....
#...#.#. ##......
....##


You could see a necrophage.

Vanquished Creatures
  An ogre (D:4)
  A kobold brigand (Sewer)
  A scorpion (D:4)
  2 howler monkeys
  2 hounds (D:5)
  An orc priest (D:5)
  Jessica (D:2)
  An orc wizard (D:5)
  Robin (D:3)
  4 gnolls (D:4)
  6 river rats
  4 adders
  An ufetubus (D:4)
  5 worms
  3 dart slugs
  3 orcs
  18 ball pythons
  6 endoplasms
  2 giant cockroaches
  10 goblins
  12 hobgoblins
  7 jackals
  3 quokkas
  7 bats
  6 frilled lizards
  21 kobolds
  24 rats
153 creatures vanquished.

Vanquished Creatures (others)
  380 foxfires
380 creatures vanquished.

Grand Total: 533 creatures vanquished

Notes
Turn   | Place    | Note
-------+----------+-------------------------------------------
     0 | D:1      | Conn the Octopode Fire Elementalist began the quest for the
                  | Orb.
     0 | D:1      | Reached XP level 1. HP: 11/11 MP: 3/3
   276 | D:1      | Reached XP level 2. HP: 17/17 MP: 5/5
   832 | D:1      | Reached XP level 3. HP: 17/21 MP: 6/6
   858 | D:1      | Found a faded altar of an unknown god.
  1116 | D:1      | Learned a level 2 spell: Scorch
  1120 | D:1      | Learned a level 3 spell: Inner Flame
  1849 | D:2      | Noticed Jessica
  1856 | D:2      | Killed Jessica
  1857 | D:2      | Reached XP level 4. HP: 27/27 MP: 4/7
  2057 | D:2      | Found a runed translucent door.
  2058 | D:2      | Noticed Crazy Yiuf
  2411 | D:3      | Noticed Robin
  2434 | D:3      | Killed Robin
  2435 | D:3      | Reached XP level 5. HP: 14/32 MP: 5/9
  2486 | D:3      | Reached skill level 1 in Staves
  2567 | D:3      | Found a glowing drain.
  2574 | Sewer    | Entered a sewer
  2789 | Sewer    | Reached skill level 1 in Shields
  3084 | Sewer    | Reached XP level 6. HP: 37/37 MP: 6/10
  4130 | D:4      | Reached XP level 7. HP: 5/42 MP: 1/12
  4269 | D:4      | Found a sparkling altar of Nemelex Xobeh.
  4282 | D:4      | Found a hazy altar of Hepliaklqana.
  4282 | D:4      | Found a glowing silver altar of Zin.
  4432 | D:4      | Found an opulent altar of Gozag.
  4495 | D:4      | Identified the +1 ring mail of the Illusory Places {rPois
                  | rN+}
  5215 | D:5      | Entered Level 5 of the Dungeon
  5265 | D:5      | Found a staircase to the Ecumenical Temple.
  5278 | D:5      | HP: 2/40 [necrophage (1)]
  5280 | D:5      | Slain by an orc wizard

Illustrated notes

Levels and vault maps discovered:
D:1:      shiori_arrival_maze, layout_rooms, chequers_ecumenical_altar_grove,
          serial_corexii_hall, corexii_hall_statues_l,
          corexii_hall_statues_deadend, chequers_hall_statues_y,
          corexii_hall_statues_deadend
D:2:      layout_basic, uniq_jessica, uniq_crazy_yiuf_cottage
D:3:      layout_rooms, lightli_sewer_entry_pipes, minmay_misc_feat_tower,
          uniq_robin
D:4:      layout_layer_cave, nemelex_diamond_rough_becter,
          mainiacjoe_overflow_surrounded_room,
          chequers_temple_overflow_statue_of_worship
D:5:      layout_rooms, minmay_temple_entry_proselytizer, ebering_ghost_sewer_f

Skill      XL: |  1  2  3  4  5  6  7 |
---------------+----------------------+-----
Stealth        | 3 4 |  4.4
Conjurations   | 2 3 |  3.6
Staves         | 1 |  1.3
Shields        | 1 |  1.2
Fire Magic     | 4 |  4.9
Spellcasting   | 3 4 |  4.3
Dodging        | 3 |  3.0
Fighting       | |  0.8
Evocations     | |  0.5

Action                   |  1- 3 |  4- 6 |  7- 9 || total
-------------------------+-------+-------+-------++-------
Melee: Staff             |    29 |    45 |    24 ||    98
       Tentacles         |     8 |    14 |     5 ||    27
       Constrict         |     8 |    13 |     6 ||    27
       Punch             |     1 |       |       ||     1
 Cast: Foxfire           |    49 |   132 |    48 ||   229
       Scorch            |       |     3 |       ||     3
Evoke: Wand              |       |     8 |     1 ||     9
  Use: Potion            |       |       |     2 ||     2
 Stab: Sleeping          |     5 |     5 |       ||    10
Armor: Skin              |     3 |     2 |     9 ||    14
Dodge: Dodged            |    24 |    34 |    22 ||    80
Block: Other             |     9 |    17 |     9 ||    35
       Reflection        |       |     1 |       ||     1

Table legend: (Time is in decaauts)
 A = Elapsed time spent in this place.
 B = Non-inter-level travel time spent in this place.
 C = Inter-level travel time spent in this place.
 D = Time resting spent in this place.
 E = Time spent auto-exploring this place.
 F = Levels seen in this place.
 G = Mean time per level.
                   A        B        C        D        E       F      G
               +--------+--------+--------+--------+--------+-----+--------+
         Total |   5293 |   5197 |     96 |    177 |   3669 |   6 |  882.2 |
       Dungeon |   4205 |   4109 |     96 |    122 |   2919 |   5 |  841.0 |
         Sewer |   1088 |   1088 |      0 |     55 |    750 |   1 | 1088.0 |
               +--------+--------+--------+--------+--------+-----+--------+

Top non-repeatable levels by time:
     D:1: 1159 daAuts
     D:4: 1133 daAuts
   Sewer: 1088 daAuts
     D:2: 1034 daAuts
     D:3: 810 daAuts
     D:5: 66 daAuts
